 Dungeon Crawl Stone Soup version 0.29-a0-1023-g6ae1a4a2c7 (webtiles) character file.

Game seed: 3277103033054884042

1242 Newt the Chopper (level 8, -1/68 HPs)
             Began as a Palentonga Monk on Aug 11, 2022.
             Was a Believer of Wu Jian.
             Succumbed to a water moccasin's poison
             ... on level 6 of the Dungeon.
             The game lasted 00:10:01 (6822 turns).

Newt the Chopper (Palentonga Monk)                  Turns: 6822, Time: 00:10:02

Health: -1/68      AC: 12    Str: 19    XL:     8   Next: 25%
Magic:  8/8        EV: 10    Int: 10    God:    Wu Jian [**....]
Gold:   324        SH:  0    Dex: 13    Spells: 7/7 levels left

rFire   . . .      SeeInvis +   w - +0 war axe
rCold   . . .      Faith    .   (no shield)
rNeg    . . .      Spirit   .   i - +4 ring mail
rPois   .          Reflect  .   (no helmet)
rElec   .          Harm     .   q - +0 cloak
rCorr   .          Rampage  .   h - +0 pair of gloves
Will    .....                   (no barding)
Stlth   +.........              (no amulet)
HPRegen 0.21/turn               (no ring)
MPRegen 0.11/turn               (no ring)

@: mighty, lethally poisoned (-1 -> -25), studying Ranged Weapons
A: large, rugged brown scales 3, see invisible, deformed body, roll 2, armoured
tail, reflexive curl, deterioration 1, sense surroundings 1, shaggy fur 1
a: Rolling Charge, Renounce Religion, Wall Jump


You were on level 6 of the Dungeon.
You worshipped Wu Jian.
Wu Jian was pleased with you.
You visited 2 branches of the dungeon, and saw 7 of its levels.
You also visited: Sewer.

You collected 324 gold pieces.

Inventory:

Hand Weapons
 a - a +0 hand axe
 w - a +0 war axe (weapon)
Armour
 b - a +0 robe
 f - a +1 ring mail
 h - a +0 pair of gloves (worn)
 i - a +4 ring mail (worn)
 q - a +0 cloak (worn)
 r - a +0 chain mail
Jewellery
 s - a ring of wizardry
Scrolls
 g - 2 scrolls of butterflies
 l - a scroll of teleportation
 t - a scroll of immolation {unknown}
Potions
 d - 2 potions of degeneration
 e - 3 potions of brilliance
 j - 2 potions of flight
 k - a potion of heal wounds {unknown}
 m - a potion of mutation
 n - a potion of haste {unknown}
 o - a potion of lignification {unknown}
 p - a potion of curing {unknown}
 u - a potion of berserk rage {unknown}
 v - a potion of cancellation {unknown}


   Skills:
 - Level 6.0 Fighting
 + Level 7.3 Axes
 - Level 5.0 Dodging
 - Level 1.2 Stealth


You had 7 spell levels left.
You didn't know any spells.
Your spell library contained the following spells:

 Spells                   Type           Power      Damage    Failure   Level
 Freeze                   Ice            0%         1d3       54%         1
 Shock                    Conj/Air       0%         1d3       54%         1
 Blink                    Tloc           0%         N/A       69%         2
 Frozen Ramparts          Ice            0%         1d1       89%         3
 Lesser Beckoning         Tloc           0%         N/A       89%         3
 Swiftness                Air            0%         N/A       89%         3
 Airstrike                Air            0%         2d(0-16)  100%        4
 Hailstorm                Conj/Ice       0%         3d3       100%        4
 Manifold Assault         Tloc           0%         N/A       100%        5


Dungeon Overview and Level Annotations

Branches:
Dungeon (6/15)             Temple (1/1) D:4           Sewer (visited)

Altars:
Ashenzari
Cheibriados
Dithmenos
Elyvilon
Fedhas
Gozag
Hepliaklqana
Kikubaaqudgha
Makhleb
Nemelex Xobeh
Okawaru
Qazlal
Ru
Sif Muna
Trog
Uskayaw
Vehumet
Wu Jian
Yredelemnul
The Shining One


Innate Abilities, Weirdness & Mutations

You are completely covered in rugged brown scales. (AC +3, +7% HP)
You have supernaturally acute eyesight. (SInv)
Armour fits poorly on your strangely shaped body.
You can roll at foes to attack.
You have a long armoured tail.
You curl defensively after being hit. (AC +7*)
Your body sometimes deteriorates upon taking damage.
You passively map a small area around you.
You are covered in fur. (AC +1)


Message History

You barely miss the water moccasin.
The water moccasin is severely wounded.
You feel sick. The water moccasin closely misses you.
The water moccasin bites you.
You are more poisoned.
The water moccasin poisons you!
Unknown command.
You barely miss the water moccasin.
The water moccasin is severely wounded.
* * * LOW HITPOINT WARNING * * *
You feel very sick.
The water moccasin bites you but does no damage.
You hit the water moccasin but do no damage.
The water moccasin is severely wounded.
* * * LOW HITPOINT WARNING * * *
You feel very sick. The water moccasin closely misses you.
The water moccasin bites you but does no damage.
Unknown command.
As you read the scroll of teleportation, it crumbles to dust.
You feel strangely unstable.
* * * LOW HITPOINT WARNING * * *
You feel very sick. The water moccasin misses you.
Unknown command.
It was a potion of mutation.
You feel extremely strange. Fur sprouts all over your body.
You feel you can roll further.
You feel yourself wasting away.
You feel a strange attunement to the structure of the dungeons.
* * * LOW HITPOINT WARNING * * *
You feel sick. The water moccasin bites you.
* * * LOW HITPOINT WARNING * * *
You are more poisoned.
The water moccasin poisons you!
The water moccasin bites you but does no damage.
It was a potion of might.
You feel very mighty all of a sudden.
Your surroundings suddenly seem different.
An orc priest comes into view. It is wielding a +0 club.
You die...

,, , * **
..########
*
o......@.#
,
..#.####.#
, * .# *
.# .# * .#
* ,, .# ,
, * *.# *
, ,


You could see an orc priest (asleep).

Vanquished Creatures
  An ogre (D:5)
  2 phantoms
  5 kobold brigands (Sewer)
  2 hounds (D:5)
  2 orc priests
  An iguana (D:5)
  A jelly (D:5)
  A gnoll bouda (D:5)
  Jessica (D:2)
  3 orc wizards
  Natasha (twice) (D:3)
  8 adders
  4 gnolls (D:6)
  4 river rats (Sewer)
  5 worms
  12 dart slugs
  15 orcs
  15 ball pythons
  4 endoplasms
  5 giant cockroaches
  4 goblins (D:2)
  4 hobgoblins
  2 jackals (D:1)
  5 quokkas
  3 bats
  2 frilled lizards
  12 kobolds
  8 rats
133 creatures vanquished.

Notes
Turn   | Place    | Note
-------+----------+-------------------------------------------
     0 | D:1      | Newt the Palentonga Monk began the quest for the Orb.
     0 | D:1      | Reached XP level 1. HP: 19/19 MP: 1/1
   269 | D:1      | Reached XP level 2. HP: 20/25 MP: 2/2
   416 | D:1      | Found a faded altar of an unknown god.
   703 | D:1      | Reached skill level 4 in Axes
   915 | D:2      | Reached XP level 3. HP: 16/31 MP: 3/3
  1743 | D:2      | Noticed Jessica
  1744 | D:2      | Killed Jessica
  1745 | D:2      | Reached skill level 5 in Axes
  1745 | D:2      | Reached XP level 4. HP: 37/37 MP: 4/4
  2276 | D:3      | Found a glowing drain.
  2291 | Sewer    | Entered a sewer
  2455 | Sewer    | Noticed a kobold brigand
  2481 | Sewer    | Killed a kobold brigand
  2482 | Sewer    | Reached skill level 6 in Axes
  2482 | Sewer    | Reached XP level 5. HP: 7/43 MP: 5/5
  2869 | Sewer    | Reached XP level 6. HP: 49/50 MP: 6/6
  3335 | Sewer    | Gained mutation: You curl defensively after being hit. (AC
                  | +7*) [Palentonga growth]
  3335 | Sewer    | Reached XP level 7. HP: 58/58 MP: 7/7
  3495 | D:3      | Noticed Natasha
  3505 | D:3      | Killed Natasha
  3675 | D:3      | Noticed Natasha
  3677 | D:3      | Killed Natasha
  3920 | D:4      | Reached skill level 5 in Fighting
  3993 | D:4      | Found a staircase to the Ecumenical Temple.
  4019 | Temple   | Entered the Ecumenical Temple
  4211 | Temple   | Became a worshipper of the Wu Jian Council
  4211 | Temple   | Reached * piety under Wu Jian
  4211 | Temple   | Reached ** piety under Wu Jian
  4649 | D:4      | Found a shadowy altar of Dithmenos.
  4915 | D:5      | Entered Level 5 of the Dungeon
  5194 | D:5      | Reached skill level 5 in Dodging
  5194 | D:5      | Reached XP level 8. HP: 52/68 MP: 8/8
  5280 | D:5      | Identified the +0 leather armour "Xesel" {+Inv rPois rCorr
                  | Dex-4}
  6421 | D:6      | Reached skill level 7 in Axes
  6821 | D:6      | Gained mutation: You are covered in fur. (AC +1) [potion of
                  | mutation]
  6821 | D:6      | Gained mutation: You can roll at foes to attack. [potion of
                  | mutation]
  6821 | D:6      | Gained mutation: Your body sometimes deteriorates upon
                  | taking damage. [potion of mutation]
  6821 | D:6      | Gained mutation: You passively map a small area around you.
                  | [potion of mutation]
  6822 | D:6      | Succumbed to a water moccasin's poison

Illustrated notes

Levels and vault maps discovered:
D:1:      pf_arrival_petrified_forest, layout_loops_ring,
          chequers_ecumenical_altar_simple, grunt_decor_cap, minivault_14
D:2:      layout_basic, serial_glass, glass_columns_a, glass_columns_c,
          kennysheep_jessica_study
D:3:      layout_loops_cross, portal_sewer_entry_d, uniq_natasha
D:4:      kennysheep_slugbush, layout_cave_pools, nicolae_dithmenos_the_darkroom
D:5:      layout_layer_cave
D:6:      layout_loops_corners, serial_shops, kennysheep_mini, uniq_maggie,
          uniq_edmund
Temple:   nicolae_temple_bog_church

Skill      XL: |  1  2  3  4  5  6  7  8 |
---------------+-------------------------+-----
Axes           | 4 5 6 7 |  7.3
Dodging        | 3 5 |  5.0
Fighting       | 4 6 |  6.0
Stealth        | |  1.2

Action                   |  1- 3 |  4- 6 |  7- 9 || total
-------------------------+-------+-------+-------++-------
Melee: Hand axe          |    89 |   168 |   140 ||   397
       Tailslap          |     7 |    21 |    32 ||    60
       Punch             |       |     1 |     3 ||     4
       War axe           |       |       |    63 ||    63
Invok: Lunge             |       |       |     6 ||     6
       Whirlwind         |       |       |     1 ||     1
 Abil: Rolling Charge    |     7 |    19 |    24 ||    50
  Use: Scroll            |     4 |     2 |     6 ||    12
       Potion            |       |     1 |     2 ||     3
 Stab: Sleeping          |     1 |       |       ||     1
Armor: Robe              |    12 |       |       ||    12
       Ring mail         |    10 |    57 |   110 ||   177
Dodge: Dodged            |    42 |    51 |    97 ||   190

Table legend: (Time is in decaauts)
 A = Elapsed time spent in this place.
 B = Non-inter-level travel time spent in this place.
 C = Inter-level travel time spent in this place.
 D = Time resting spent in this place.
 E = Time spent auto-exploring this place.
 F = Levels seen in this place.
 G = Mean time per level.
                   A        B        C        D        E       F      G
               +--------+--------+--------+--------+--------+-----+--------+
         Total |   7010 |   6851 |    159 |   1094 |   4718 |   8 |  876.2 |
       Dungeon |   5532 |   5393 |    139 |    843 |   3802 |   6 |  922.0 |
        Temple |    215 |    195 |     20 |      0 |    144 |   1 |  215.0 |
         Sewer |   1262 |   1262 |      0 |    251 |    771 |   1 | 1262.0 |
               +--------+--------+--------+--------+--------+-----+--------+

Top non-repeatable levels by time:
     D:5: 1790 daAuts
   Sewer: 1262 daAuts
     D:2: 1009 daAuts
     D:1: 914 daAuts
     D:3: 867 daAuts
     D:4: 825 daAuts
  Temple: 215 daAuts
     D:6: 125 daAuts
